 Dungeon Crawl Stone Soup version 0.22-a0-192-g6ffc940 (webtiles) character file.

17 vishdafish the Skirmisher (level 2, -1/24 HPs)
             Began as a Demonspawn Fighter on Feb 16, 2018.
             Slain by a jackal (2 damage)
             ... on level 1 of the Dungeon.
             The game lasted 00:00:46 (372 turns).

vishdafish the Skirmisher (Demonspawn Fighter)       Turns: 372, Time: 00:00:47

Health: -1/24      AC:  8    Str: 21    XL:     2   Next: 44%
Magic:  2/2        EV:  7    Int: 14    God:
Gold:   29         SH:  9    Dex: 12    Spells: 1/1 levels left

rFire    . . .     SeeInvis .   a - +0 long sword
rCold    . . .     Gourm    .   c - +0 shield
rNeg     . . .     Faith    .   b - +0 scale mail
rPois    .         Spirit   .   (no helmet)
rElec    .         Reflect  .   (no cloak)
rCorr    .         Harm     .   (no gloves)
MR       .....                  (no boots)
Stlth    ..........             (no amulet)
HPRegen  0.08/turn              (no ring)
MPRegen  0.08/turn              (no ring)

@: mighty, brilliant
A: icy blue scales 1
a: no special abilities


You were on level 1 of the Dungeon.
You were not hungry.

You visited 1 branch of the dungeon, and saw 1 of its levels.

You collected 29 gold pieces.

Inventory:

Hand Weapons
 a - a +0 long sword (weapon)
Armour
 b - a +0 scale mail (worn)
 c - a +0 shield (worn)
Scrolls
 e - 2 scrolls of remove curse {unknown}
 i - a scroll of enchant armour {unknown}
 k - 2 scrolls of identify {unknown}
Potions
 g - a potion of berserk rage {unknown}
 h - a potion of haste {unknown}
 j - a potion of brilliance
Comestibles
 f - 2 rations


   Skills:
 + Level 3.2 Fighting
 * Level 2.0 Long Blades
 + Level 3.0 Armour
 - Level 2.8 Shields


You had one spell level left.
You didn't know any spells.

Dungeon Overview and Level Annotations

Branches:
Dungeon (1/15)

Altars:


Innate Abilities, Weirdness & Mutations

You are partially covered in icy blue scales. (AC +2)


Message History

You completely miss the jackal. You block the jackal's attack. x2
You barely miss the jackal. The jackal barely misses you.
You block the jackal's attack.
You closely miss the jackal.
The jackal bites you but does no damage. x2
The frilled lizard bites you but does no damage.
You closely miss the frilled lizard.
The jackal bites you but does no damage.
The frilled lizard bites you but does no damage.
The jackal bites you but does no damage.
You miss the frilled lizard.
The jackal bites you but does no damage.
You block the frilled lizard's attack. You block the jackal's attack.
The frilled lizard bites you.
* * * LOW HITPOINT WARNING * * *
Unknown command.
It was a potion of brilliance.
You feel clever all of a sudden. The jackal bites you.
You die...

#...# ##.###.#.##
#.#.# #.♣.###.##
#)..# ##.###.♣.#
#...# ### ## ##
#...## #....###
#......###
#l##..##.#### ####
#@##.....##.###.#.
##h###..g.........h
#ggg.#g.........##[
#.gl..gl........##.
#....#.....†....##.
#....#..........##.
#....#.......#.#.#.
#..>.#.............
#....#.......#.#.#.


You could see a jackal, 3 hobgoblins, a goblin and 2 frilled lizards.

Vanquished Creatures
  2 leopard geckos (D:1)
  A bat (D:1)
  A giant cockroach (D:1)
  A hobgoblin (D:1)
  3 jackals (D:1)
  2 kobolds (D:1)
  A ball python (D:1)
  A goblin (D:1)
  A rat (D:1)
13 creatures vanquished.

Notes
Turn   | Place    | Note
-------+----------+-------------------------------------------
     0 | D:1      | vishdafish the Demonspawn Fighter began the quest for the Orb.
     0 | D:1      | Reached XP level 1. HP: 18/18 MP: 1/1
   255 | D:1      | Gained mutation: You are partially covered in icy blue scales. (AC +2) [demonic ancestry]
   255 | D:1      | Reached XP level 2. HP: 22/24 MP: 2/2
   371 | D:1      | HP: 1/24 [frilled lizard (3)]
   372 | D:1      | Slain by a jackal

Vault maps used:
D:1:      nagdon_arrival_zigzag_paths, st_stairs_11,
          minmay_misc_feat_more_columns, hex_medium

Skill      XL: |  1  2 |
---------------+-------+-----
Armour         | 3 |  3.0
Long Blades    | 2 |  2.0
Fighting       | |  3.2
Shields        | |  2.8

Action                   || total
-------------------------++-------
Melee: Long sword        ||    62
  Use: Potion            ||     2
Armor: Scale mail        ||    41
Dodge: Dodged            ||    13
Block: Shield            ||    54
       Rpst.: Long sword ||     2

Table legend:
 A = Spawn XP
 B = Non-spawn XP
 C = Spawn XP percentage of total XP
 D = Spawn monster count
 E = Non-spawn monster count
 F = Spawn count percentage of total count
 G = Total turns spent on level
                    A         B        C        D         E        F      G
               +---------+---------+-------+---------+---------+-------+---------
         Total |       0 |      25 |   0.0 |       0 |      13 |   0.0 |   372
               +---------+---------+-------+---------+---------+-------+---------
           D:1 |       0 |      25 |   0.0 |       0 |      13 |   0.0 |   372
               +---------+---------+-------+---------+---------+-------+---------
